 Dungeon Crawl Stone Soup version 0.31-a0-1612-g4aaf141004 (webtiles) character file.

Game seed: 16315633922093658630

707 AstroCodex24 the Chopper (level 7, -14/79 HPs)
             Began as a Vampire Fighter on Jan 9, 2024.
             Demolished by an ogre
             ... wielding a +0 giant club
              (18 damage)
             ... on level 5 of the Dungeon.
             The game lasted 00:11:15 (1743 turns).

AstroCodex24 the Chopper (Vampire Fighter)          Turns: 1743, Time: 00:11:19

Health: -14/79     AC: 23    Str: 17    XL:     7   Next: 39%
Magic:  16/16      EV:  2    Int: 10    God:
Gold:   107        SH: 10    Dex: 14    Spells: 6/6 levels left

rFire   . . .        a - +1 war axe
rCold   . . .        c - +0 buckler
rNeg    . . .        f - melded +0 plate armour
rPois   +            n - melded +0 helmet
rElec   .            b - melded scarf {+Inv}
rCorr   .            (gloves currently unavailable)
SInv    +            d - melded +1 pair of boots
Will    .....        i - amulet of reflection
Stlth   ++           j - ring of magical power
HPRegen 0.53/turn    (no ring)
MPRegen 0.15/turn

%: reflection
@: brilliant, tree-form, healing quickly, invisible
A: stationary, stasis, torment immunity, boosted hp, alive, (fangs 3), see
invisible, vampiric 2
a: Exsanguinate


You were on level 5 of the Dungeon.
You were a tree.
You visited 1 branch of the dungeon, and saw 6 of its levels.

You collected 107 gold pieces.

Inventory:

Hand Weapons
 a - a +1 war axe (weapon)
 o - a +1 war axe of electrocution
Armour
 b - a scarf of invisibility (melded)
 c - a +0 buckler (worn)
 d - a +1 pair of boots (melded)
 f - a +0 plate armour (melded)
 n - a +0 helmet (melded)
Jewellery
 i - an amulet of reflection (around neck)
 j - a ring of magical power (left branch)
Wands
 k - a wand of roots (8)
Scrolls
 m - a scroll of teleportation
Potions
 l - a potion of brilliance


   Skills:
 + Level 3.9 Fighting
 + Level 4.5 Axes
 + Level 3.8 Armour
 + Level 0.4 Dodging
 + Level 3.3 Stealth
 + Level 4.4 Shields
 + Level 0.4 Evocations


You had 6 spell levels left.
You didn't know any spells.
Your spell library was empty.

Dungeon Overview and Level Annotations

Branches:
Dungeon (6/15)
 Temple: D:4-7

Altars:

Shops:
D:4 :


Innate Abilities, Weirdness & Mutations

You are a tree.
Your roots penetrate the ground, keeping you stationary.
You cannot be teleported.
You are immune to unholy pain and torment.
Your maximum health is greatly increased.
Your equipment is partially melded.
Your natural rate of healing is accelerated.
((You have razor-sharp teeth.))
You have supernaturally acute eyesight. (SInv)
You are afflicted with vampirism and can become a bat while bloodless.


Message History

The ogre hits you with a +0 giant club!!
There is a stone staircase leading up, spattered with blood here.
Aiming: Paralyse
Press: ? - help, Q - select action, (/) - cycle Shift-Dir - straight line, f/p - ogre
Aim: an ogre, wielding a +0 giant club (moderately wounded, chance to affect: 50%)
The ogre resists with some effort.
The ogre hits you with a +0 giant club!
You climb upwards.
There is a stone staircase leading down here.
Aiming: Paralyse
Press: ? - help, Q - select action, (/) - cycle Shift-Dir - straight line, f - ogre
Aim: an ogre, wielding a +0 giant club (moderately wounded, chance to affect: 50%)
The ogre resists with some effort.
The now-empty wand crumbles to dust.
The ogre hits you with a +0 giant club!
* * * LOW HITPOINT WARNING * * *
Aiming: Fastroot
Press: ? - help, Q - select action, (/) - cycle Shift-Dir - straight line, p - ogre The roots erupt in riotous growth!
Roots grab the ogre.
The grasping roots constrict the ogre.
You hear an angry hiss.
The ogre struggles to escape constriction.
Okay, then.
It was a potion of brilliance.
You feel clever all of a sudden.
The grasping roots constrict the ogre.
The roots release their grip on the ogre.
It was a potion of invisibility.
You fade into invisibility!
The ogre hits you with a +0 giant club!
* * * LOW HITPOINT WARNING * * *
The adder hisses angrily.
It was a potion of lignification.
You turn into a tree.
Your scarf of invisibility melds into your body.
Your +0 helmet melds into your body.
Your +1 pair of boots melds into your body.
Your +0 plate armour melds into your body.
Your roots penetrate the ground.
The ogre hits you with a +0 giant club!!
You die...

#.##.# #.##.####
#.##....# #.#####.#
#.##.#†.#
#########.##.#.##########
.............#..........#
######....#..#.......##.#
|$!:/##......#..♣#.#..#.#
#######.#....#..O.....#.#
....S##.........>#..<##.#
###.##.......#........#.#
.....#.###.#.#...######.#
####.#...#.....S......#.#
........##.....<##.#
≈≈≈≈≈≈≈≈#<#..######.#
≈#####≈#≈≈.#.........#


You could see an ogre (unable to see you) and an adder (wandering, unable to see
you).

Vanquished Creatures
  Prince Ribbit (D:5)
  An ice beast (D:5)
  A bullfrog (D:4)
  3 bombardier beetles (D:5)
  A hound (D:4)
  Ijyb (D:5)
  2 iguanas (D:5)
  Natasha (thrice) (D:4)
  4 adders
  A shadow imp (D:5)
  An ufetubus (D:4)
  A ribbon worm (D:4)
  3 ball pythons
  4 endoplasms
  A hobgoblin (D:3)
  3 kobolds
  A quokka (D:1)
  A bat (D:1)
  A frilled lizard (D:2)
  A goblin (D:4)
  A rat (D:1)
36 creatures vanquished.

Vanquished Creatures (others)
  A jelly (D:5)
1 creature vanquished.

Grand Total: 37 creatures vanquished

Notes
Turn   | Place    | Note
-------+----------+-------------------------------------------
     0 | D:1      | AstroCodex24 the Vampire Fighter began the quest for the
                  | Orb.
     0 | D:1      | Reached XP level 1. HP: 17/17 MP: 1/1
   309 | D:2      | Reached XP level 2. HP: 19/23 MP: 2/2
   421 | D:3      | Gained mutation: You are afflicted with vampirism and can
                  | become a bat while bloodless. [Vampire growth]
   421 | D:3      | Reached XP level 3. HP: 28/28 MP: 3/3
   576 | D:4      | Reached XP level 4. HP: 35/35 MP: 4/4
   623 | D:4      | Noticed Natasha
   639 | D:4      | Killed Natasha
   782 | D:4      | Noticed Natasha
   802 | D:4      | Killed Natasha
   835 | D:4      | Noticed Natasha
   843 | D:4      | Killed Natasha
   844 | D:4      | Reached XP level 5. HP: 38/41 MP: 5/5
   867 | D:4      | Found Vaufu's Tremendous Tomes.
  1023 | D:4      | Reached skill level 1 in Stealth
  1180 | D:5      | Entered Level 5 of the Dungeon
  1195 | D:5      | HP: 1/41 [burnt (6)]
  1282 | D:5      | Noticed Prince Ribbit
  1292 | D:5      | Killed Prince Ribbit
  1293 | D:5      | Reached XP level 6. HP: 34/47 MP: 6/6
  1338 | D:5      | Noticed an ice beast
  1354 | D:5      | Killed an ice beast
  1355 | D:5      | Reached XP level 7. HP: 38/53 MP: 7/7
  1372 | D:5      | Noticed Ijyb
  1389 | D:5      | Killed Ijyb
  1741 | D:5      | HP: 2/53 [ogre/+0 giant club (9)]
  1743 | D:5      | Demolished by an ogre

Illustrated notes

Levels and vault maps discovered:
D:1:      nzn_arrival_settlement, layout_basic
D:2:      layout_loops_corners, serial_shops, shop, basic_altar,
          palyth_stone_intersect
D:3:      lemuel_castle_with_subvaults [lemuel_castle_interior_carwin_1],
          layout_loops_corners, dreamdust_mushroom_princess
D:4:      minmay_door_path, layout_basic, serial_curves, eino_curves_03,
          eino_curves_04, eino_curves_01, eino_curves_02,
          nicolae_shop_i_like_big_books, serial_bayou_pond_c, uniq_natasha
D:5:      lemuel_ice_spiral_2, layout_basic, water_maze_lemuel,
          uniq_crazy_yiuf_cottage, uniq_prince_ribbit1, uniq_ijyb
D:6:      layout_loops_ring, uniq_duvessa

Skill      XL: |  1  2  3  4  5  6  7 |
---------------+----------------------+-----
Axes           | 2 3 4 |  4.5
Shields        | 3 4 |  4.4
Fighting       | 3 |  3.9
Armour         | 3 |  3.8
Stealth        | 2 3 |  3.3
Dodging        | |  0.4
Evocations     | |  0.4

Action                     |  1- 3 |  4- 6 |  7- 9 || total
---------------------------+-------+-------+-------++-------
  Melee: War axe           |    56 |    77 |    49 ||   182
         Bite              |     4 |     9 |     6 ||    19
  Evoke: Wand              |       |     6 |     4 ||    10
    Use: Scroll            |       |     6 |       ||     6
         Potion            |       |     1 |     3 ||     4
   Stab: Paralysed         |       |     7 |       ||     7
 Armour: Scale mail        |    16 |       |       ||    16
         Plate armour      |    63 |    91 |    36 ||   190
         Skin              |       |       |     1 ||     1
  Dodge: Dodged            |    19 |    19 |     2 ||    40
  Block: Buckler           |    20 |    46 |    22 ||    88

Table legend: (Time is in decaauts)
 A = Elapsed time spent in this place.
 B = Non-inter-level travel time spent in this place.
 C = Inter-level travel time spent in this place.
 D = Time resting spent in this place.
 E = Time spent auto-exploring this place.
 F = Levels seen in this place.
 G = Mean time per level.
                   A        B        C        D        E       F      G
               +--------+--------+--------+--------+--------+-----+--------+
         Total |   1854 |   1820 |     34 |      0 |     17 |   6 |  309.0 |
       Dungeon |   1854 |   1820 |     34 |      0 |     17 |   6 |  309.0 |
               +--------+--------+--------+--------+--------+-----+--------+

Top non-repeatable levels by time:
     D:4: 778 daAuts
     D:5: 580 daAuts
     D:2: 192 daAuts
     D:1: 154 daAuts
     D:3: 142 daAuts
     D:6: 5 daAuts
